 Dungeon Crawl Stone Soup version 0.30.1-3-gfc49f6343a (webtiles) character file.

Game seed: 18203316074044341984

18907 spardeous the Thaumaturge (level 12, -5/81 HPs)
             Began as a Demigod Conjurer on Aug 8, 2023.
             Killed from afar by a gargoyle (27 damage)
             ... with a stone arrow
             ... on level 12 of the Dungeon.
             The game lasted 00:21:08 (17290 turns).

spardeous the Thaumaturge (Demigod Conjurer)       Turns: 17290, Time: 00:21:09

Health: -5/81      AC:  7    Str: 12    XL:     12   Next: 5%
Magic:  26/41      EV: 11    Int: 32    God:
Gold:   548        SH:  8    Dex: 12    Spells: 28/35 levels left

rFire   . . .        E - staff of conjuration
rCold   . . .        q - +0 buckler
rNeg    . . .        V - +2 robe {Will+}
rPois   .            (no helmet)
rElec   .            Y - +2 cloak
rCorr   .            (no gloves)
SInv    +            (no boots)
Will    ++...        C - amulet of reflection
Stlth   ++           G - ring of magical power
HPRegen 0.33/turn    M - ring of see invisible
MPRegen 0.27/turn

%: reflection
@: no status effects
A: high MP 1, forlorn, divine attributes
a: no special abilities


You were on level 12 of the Dungeon.
You visited 1 branch of the dungeon, and saw 12 of its levels.
You also visited: Ossuary.

You collected 858 gold pieces.
You spent 310 gold pieces at shops.

Inventory:

Hand Weapons
 Z - the +8 dagger of Discord {chaos, rElec rF+ Int-4 Dex+3}
   (You took it off a kobold demonologist on level 10 of the Dungeon)

   Int:       It affects your intelligence (-4).
   Dex:       It affects your dexterity (+3).
   rF:        It protects you from fire.
   rElec:     It insulates you from electricity.
Armour
 a - a +0 robe
 c - an orb of mayhem
 p - a +0 ring mail
 q - a +0 buckler (worn)
 v - a +2 robe of fire resistance
 H - a +0 cloak
 U - +0 acid dragon scales
 V - a +2 robe of willpower (worn)
 Y - a +2 cloak (worn)
Magical Staves
 E - a staff of conjuration (weapon)
Jewellery
 y - a ring of ice
 C - an amulet of reflection (around neck)
 G - a ring of magical power (left hand)
 L - a ring of ice
 M - a ring of see invisible (right hand)
 S - a ring of willpower
 X - a ring of protection from cold
Wands
 d - a wand of mindburst (9)
 s - a wand of flame (52)
 N - a wand of iceblast (4)
 R - a wand of light (11)
 W - a wand of polymorph (11)
Scrolls
 g - 7 scrolls of teleportation {unknown}
 h - 2 scrolls of enchant armour
 o - a scroll of fear
 r - a scroll of vulnerability
 t - 9 scrolls of enchant weapon {unknown}
 u - a scroll of poison
 w - a scroll of silence
 x - 5 scrolls of amnesia
 B - 4 scrolls of fog
 F - a scroll of blinking
 O - a scroll of noise
 P - 3 scrolls of magic mapping
 Q - a scroll of brand weapon
Potions
 b - 2 potions of magic
 e - 5 potions of degeneration
 f - 3 potions of haste
 i - 3 potions of flight {unknown}
 j - 3 potions of lignification {unknown}
 k - 7 potions of might {unknown}
 l - 4 potions of brilliance
 m - 5 potions of curing
 n - a potion of berserk rage
 z - 5 potions of mutation {unknown}
 A - 2 potions of cancellation
 I - a potion of ambrosia
 J - 2 potions of attraction
 K - 6 potions of heal wounds
 T - 3 potions of invisibility


   Skills:
 - Level 1.7 Dodging
 - Level 1.7 Stealth
 + Level 12.0 Spellcasting
 - Level 10.0 Conjurations
 - Level 10.3 Translocations


You had 28 spell levels left.
You knew the following spells:

 Your Spells              Type           Power      Damage    Failure   Level
a - Magic Dart            Conj           100%       1d8       1%          1
b - Searing Ray           Conj           100%       2d8       1%          2
c - Iskenderun's Mystic   Conj/Tloc      91%        2d18      1%          4

Your spell library contained the following spells:

 Spells                   Type           Power      Damage    Failure   Level
 Lesser Beckoning         Tloc           100%       N/A       1%          2
 Dazzling Flash           Conj/Hex       100%       N/A       1%          3
 Gell's Gravitas          Tloc           71%        N/A       1%          3
 Teleport Other           Tloc           71%        N/A       1%          3
 Mephitic Cloud           Conj/Pois/Air  57%        N/A       2%          3
 Beastly Appendage        Tmut           38%        N/A       3%          1
 Fulminant Prism          Conj/Hex       33%        3d15      4%          4
 Wereblood                Tmut           19%        N/A       5%          2
 Spider Form              Tmut/Pois      19%        N/A       11%         3
 Olgreb's Toxic Radiance  Pois           19%        N/A       34%         4
 Eringya's Noxious Bog    Tmut/Pois      9%         N/A       99%         6


Dungeon Overview and Level Annotations

Branches:
Dungeon (12/15)            Temple (0/1) D:7            Lair (0/5) D:10
    Orc (0/2) D:12        Ossuary (visited)

Shops:
D:1 !


Innate Abilities, Weirdness & Mutations

You have an increased reservoir of magic. (+10% MP)
You shall have no god before yourself.
Your divine heritage dramatically boosts your attributes as you level up.


Message History

A gargoyle is nearby!
A gargoyle is nearby!
A gargoyle is nearby!
A gargoyle comes into view. It is wielding a +0 morningstar.
The gargoyle hits you with a +0 morningstar!!
You take 23 damage, and have 58/81 hp.
MASSIVE DAMAGE!!
There are monsters nearby!
You hit the gargoyle but do no damage.
The gargoyle hurls a stone arrow at you.
The stone arrow hits you!!
There are monsters nearby!
Casting: Iskenderun's Mystic Blast (mildly dangerous; 1% risk of failure)
Confirm with . or Enter, or press ? or * to list all spells.
You feel a surge of power!
You erupt in a blast of force!
The mystic blast hits the gargoyle!
The gargoyle is severely damaged.
The gargoyle is knocked back by the mystic blast.
Unknown command.
You take 19 damage, and have 39/81 hp.
MASSIVE DAMAGE!!
You now have 37/41 mp.
A gargoyle is nearby!
Casting: Iskenderun's Mystic Blast (mildly dangerous; 1% risk of failure)
Confirm with . or Enter, or press ? or * to list all spells.
You feel a surge of power!
You erupt in a blast of force!
You now have 33/41 mp.
Unknown command.
There are monsters nearby!
Unknown command.
Casting: Iskenderun's Mystic Blast (mildly dangerous; 1% risk of failure)
Confirm with . or Enter, or press ? or * to list all spells.
You feel a surge of power!
You erupt in a blast of force!
The gargoyle hurls a stone arrow at you.
The stone arrow hits you!!
* * * LOW HITPOINT WARNING * * *
There are monsters nearby!
Casting: Iskenderun's Mystic Blast (mildly dangerous; 1% risk of failure)
Confirm with . or Enter, or press ? or * to list all spells.
You feel a surge of power!
You erupt in a blast of force!
The gargoyle hurls a stone arrow at you.
The stone arrow hits you!!
You die...

# .. # #.#### ###### ##
##.9...#######..).#####.
.....................)))
...$.9<@..........#####.
##.#...#...###....######
#...#...# #.......# #
#.#.#...# #....##.#
#.#....=# #....##.### #
###...# #######...#
#...# ###.# ##### #..
#..


You could see 2 gargoyles.

Vanquished Creatures
  Fannar (D:11)
  Erolcha (D:9)
  2 two-headed ogres
  4 cyclopes (D:11)
  2 ugly things (D:10)
  3 gargoyles
  3 unseen horrors
  2 kobold demonologists (D:10)
  A komodo dragon (D:11)
  Psyche (D:11)
  3 hornets
  3 trolls
  Sigmund (D:3)
  5 wraiths
  25 yaks
  Edmund (D:6)
  2 acid dragons
  2 wargs (D:10)
  A water moccasin (D:8)
  An ice beast (D:7)
  12 orc warriors
  A sky beast (D:6)
  A black bear (D:4)
  3 ogres
  7 centaurs
  7 kobold brigands
  2 bullfrogs
  Blork the orc (D:6)
  7 scorpions (Ossuary)
  3 wights (D:8)
  4 killer bees (D:10)
  A howler monkey (D:10)
  4 hounds
  3 jellies
  Crazy Yiuf (D:6)
  A centaur zombie (Ossuary)
  A gnoll bouda (D:4)
  6 orc priests
  2 human skeletons (D:7)
  Jessica (D:3)
  7 iguanas
  17 orc wizards
  2 sleepcaps
  4 scorpion zombies (Ossuary)
  3 mummies (Ossuary)
  4 gnolls (D:4)
  5 adders
  2 shadow imps
  2 white imps
  2 ufetubi (D:4)
  51 orcs
  7 ball pythons
  8 endoplasms
  6 giant cockroaches
  2 gnoll zombies (Ossuary)
  5 goblins
  7 hobgoblins
  2 jackals (D:5)
  15 kobolds
  5 quokkas
  4 bats
  4 frilled lizards
  2 goblin zombies (Ossuary)
  4 hobgoblin zombies (Ossuary)
  4 kobold zombies (Ossuary)
  4 orc skeletons (D:7)
  An orc zombie (Ossuary)
  8 rats
319 creatures vanquished.

Vanquished Creatures (others)
  A kobold (D:9)
1 creature vanquished.

Grand Total: 320 creatures vanquished

Notes
Turn   | Place    | Note
-------+----------+-------------------------------------------
     0 | D:1      | spardeous the Demigod Conjurer began the quest for the Orb.
     0 | D:1      | Reached XP level 1. HP: 14/14 MP: 5/5
   231 | D:1      | Reached skill level 2 in Spellcasting
   304 | D:1      | Reached XP level 2. HP: 14/20 MP: 0/7
   494 | D:1      | Found Nalid's Distillery.
  1582 | D:2      | Learned a level 2 spell: Searing Ray
  1592 | D:2      | Reached XP level 3. HP: 26/26 MP: 4/9
  2435 | D:3      | Noticed Jessica
  2586 | D:3      | Killed Jessica
  2587 | D:3      | Reached skill level 3 in Spellcasting
  2587 | D:3      | Reached XP level 4. HP: 33/33 MP: 7/11
  2980 | D:3      | Learned a level 4 spell: Iskenderun's Mystic Blast
  3411 | D:3      | Noticed Sigmund
  3417 | D:3      | Killed Sigmund
  3418 | D:3      | Reached skill level 4 in Spellcasting
  3418 | D:3      | Reached skill level 5 in Conjurations
  3418 | D:3      | Reached XP level 5. HP: 33/38 MP: 4/14
  3418 | D:3      | Reached XP level 6. HP: 39/45 MP: 4/15
  4759 | D:4      | Reached XP level 7. HP: 50/50 MP: 6/17
  4788 | D:4      | Reached skill level 5 in Spellcasting
  4920 | D:5      | Entered Level 5 of the Dungeon
  6032 | D:5      | Reached skill level 6 in Spellcasting
  6033 | D:5      | Reached XP level 8. HP: 57/57 MP: 11/20
  6531 | D:6      | Reached skill level 1 in Translocations
  7203 | D:6      | Noticed Blork the orc
  7230 | D:6      | Killed Blork the orc
  7447 | D:6      | Noticed Edmund
  7483 | D:6      | Killed Edmund
  7899 | D:6      | Found a runed translucent door.
  7900 | D:6      | Noticed Crazy Yiuf
  8141 | D:6      | Killed Crazy Yiuf
  8142 | D:6      | Reached skill level 5 in Translocations
  8375 | D:1      | Bought a potion of curing for 30 gold pieces
  8375 | D:1      | Bought a potion of ambrosia for 80 gold pieces
  8375 | D:1      | Bought a potion of brilliance for 40 gold pieces
  8375 | D:1      | Bought a potion of attraction for 30 gold pieces
  8375 | D:1      | Bought 2 potions of degeneration for 20 gold pieces
  8375 | D:1      | Bought a potion of degeneration for 10 gold pieces
  8375 | D:1      | Bought a potion of heal wounds for 50 gold pieces
  8375 | D:1      | Bought a potion of heal wounds for 50 gold pieces
  8608 | D:7      | Found a staircase to the Ecumenical Temple.
  8813 | D:7      | Found a sand-covered staircase.
  8842 | Ossuary  | Entered an ossuary
  9100 | Ossuary  | Reached XP level 9. HP: 60/62 MP: 21/21
 11380 | D:9      | Noticed Erolcha
 11732 | D:9      | Killed Erolcha
 11733 | D:9      | Reached XP level 10. HP: 69/69 MP: 19/23
 11793 | D:9      | Reached skill level 10 in Translocations
 11793 | D:9      | Noticed a two-headed ogre
 11807 | D:9      | Killed a two-headed ogre
 12535 | D:9      | Reached skill level 7 in Spellcasting
 12866 | D:9      | Noticed a steelbarb worm
 12981 | D:10     | Entered Level 10 of the Dungeon
 13038 | D:10     | Reached skill level 10 in Conjurations
 13199 | D:10     | Found a large runed translucent door.
 13200 | D:10     | Found a large runed translucent door.
 13218 | D:10     | Identified the +8 dagger of Discord {chaos, rElec rF+ Int-4
                  | Dex+3}
 13218 | D:10     | Noticed a red ugly thing
 13219 | D:10     | Noticed a red ugly thing
 13462 | D:10     | Reached XP level 11. HP: 37/74 MP: 5/26
 13652 | D:10     | Reached skill level 8 in Spellcasting
 14358 | D:10     | Found a staircase to the Lair.
 14680 | D:10     | Reached skill level 9 in Spellcasting
 14958 | D:11     | Noticed Psyche
 14978 | D:11     | Killed Psyche
 15134 | D:11     | Noticed a two-headed ogre
 15145 | D:11     | Killed a two-headed ogre
 15304 | D:11     | Reached skill level 10 in Spellcasting
 15316 | D:11     | Noticed Fannar
 15327 | D:11     | Killed Fannar
 15955 | D:11     | Reached skill level 11 in Spellcasting
 16413 | D:11     | Got the Quarto of the Stinger
 17073 | D:12     | Reached XP level 12. HP: 70/81 MP: 32/32
 17103 | D:12     | Reached skill level 12 in Spellcasting
 17242 | D:12     | Found a staircase to the Orcish Mines.
 17290 | D:12     | Killed from afar by a gargoyle

Illustrated notes

Levels and vault maps discovered:
D:1:      sevenhm_arrival_forest_fort_large_1, layout_basic, serial_shops,
          nicolae_shop_hallway_stairs, supply_closet_lemuel
D:2:      layout_basic, minivault_4, kennysheep_generic_room_15
D:3:      wad_crossroads, layout_rooms, fedhas_altar_4, kennysheep_ying_yang,
          uniq_jessica, uniq_sigmund
D:4:      layout_basic
D:5:      layout_loops_ring, kennysheep_generic_room_3
D:6:      nicolae_whirlpool, layout_basic, mainiacjoe_overflow_tiny_flanked,
          ashenzari_conservatory_becter, nemelex_diamond_rough_becter,
          serial_corexii_hall, chequers_hall_statues_wall_a,
          corexii_hall_statues_deadend, chequers_hall_statues_wall_a,
          chequers_hall_statues_wall_a, corexii_hall_statues_i,
          chequers_hall_statues_wall_a, uniq_blork_the_orc, uniq_edmund,
          uniq_crazy_yiuf_cottage
D:7:      layout_rooms, kennysheep_mini_moat, grunt_dithmenos_smoke,
          temple_pool_b, nicolae_ossuary_entry_catacombs
D:8:      layout_rooms, mainiacjoe_overflow_catwalk
D:9:      layout_gridville, xom_shifter_show, mainiacjoe_overflow_alcove_2,
          uniq_erolcha
D:10:     due_chaos_kobolds, layout_irregular_city, erik_lair_orcish_takeover
D:11:     layout_irregular_city, minmay_between, uniq_psyche, uniq_fannar
D:12:     layout_basic, david_orc_4, uniq_urug, uniq_jorgrun

Skill      XL: |  1  2  3  4  5  6  7  8  9 10 11 12 |
---------------+-------------------------------------+-----
Spellcasting   | 2 3 4 6 7 11 12 | 12.0
Conjurations   | 4 5 6 7 8 10 | 10.0
Translocations | 6 9 10 | 10.3
Dodging        | |  1.7
Stealth        | |  1.7

Action                     |  1- 3 |  4- 6 |  7- 9 | 10-12 || total
---------------------------+-------+-------+-------+-------++-------
  Melee: Club              |    15 |       |       |       ||    15
         Staff             |       |       |    52 |    42 ||    94
   Cast: Magic Dart        |    87 |   105 |    86 |       ||   278
         Searing Ray       |     1 |    11 |    29 |       ||    41
         Iskenderun's Myst |       |       |   106 |   209 ||   315
    Use: Scroll            |       |       |    10 |     6 ||    16
         Potion            |       |       |     1 |     1 ||     2
 Armour: Robe              |     8 |       |    36 |    23 ||    67
         Ring mail         |       |     3 |       |       ||     3
  Dodge: Dodged            |    21 |    10 |    60 |    54 ||   145
  Block: Other             |       |       |    20 |       ||    20
         Reflection        |       |       |     6 |     4 ||    10
         Buckler           |       |       |    11 |    42 ||    53
